 Seeded DCSS version 0.30.1-9-gdf580d7c3d (webtiles) character file.

Game seed: 7229806256980976716 (custom seed)

17 Psyclone the Digger (level 3, 26/26 HPs)
             Began as a Meteoran Earth Elementalist on Oct 17, 2023.
             Quit the game on level 1 of the Dungeon.
             The game lasted 00:00:43 (281 turns).

Psyclone the Digger (Meteoran Earth Elementalist)    Turns: 281, Time: 00:00:44

Health: 26/26      AC:  4    Str:  9    XL:     3   Next: 2%
Magic:  3/8        EV: 12    Int: 18    God:
Gold:   3792       SH:  0    Dex: 15    Spells: 5/8 levels left

rFire   . . .        (no weapon)
rCold   . . .        (no shield)
rNeg    . . .        a - +0 robe
rPois   .            (no helmet)
rElec   .            (no cloak)
rCorr   .            (no gloves)
SInv    .            (no boots)
Will    .....        (no amulet)
Stlth   +            (no ring)
HPRegen 0.24/turn    (no ring)
MPRegen 0.11/turn

%: no passive effects
@: glowing
A: sense surroundings 1, otherworldly, glowing, explore regen, iridescent scales
1, evolution 2, MP-powered wands
a: no special abilities


You were on level 1 of the Dungeon.
You visited 1 branch of the dungeon, and saw 1 of its levels.

You collected 3792 gold pieces.

Inventory:

Missiles
 d - a throwing net {!f}
Armour
 a - a +0 robe (worn)
Scrolls
 c - 2 scrolls of amnesia {unknown}
 e - a scroll of identify {unknown}
 f - a scroll of blinking {unknown}
Potions
 b - a potion of magic


   Skills:
 - Level 2.4 Dodging
 - Level 1.4 Stealth
 * Level 3.2 Spellcasting
 + Level 1.7 Transmutations
 * Level 4.1 Earth Magic


You had 5 spell levels left.
You knew the following spells:

 Your Spells              Type           Power      Damage    Failure   Level
a - Sandblast             Erth           34%        2d9       3%          1
b - Passwall              Tmut/Erth      10%        N/A       8%          2

Your spell library contained the following spells:

 Spells                   Type           Power      Damage    Failure   Level
 Stone Arrow              Conj/Erth      20%        3d8       21%         3
 Petrify                  Tmut/Erth      13%        N/A       43%         4


Dungeon Overview and Level Annotations

Branches:
Dungeon (1/15) Zot: 310

Altars:


Innate Abilities, Weirdness & Mutations

You passively map a small area around you.
You are easily found by Zot.
You glow in the dark.
You regain HP and MP as you explore.
You are partially covered in iridescent scales. (AC +2)
You have great hidden genetic potential.
You expend magic power (3 MP) to strengthen your wands.


Message History

Confirm with . or Enter, or press ? or * to list all spells.
You don't have enough magic to cast this spell.
Unknown command.
There is a stone staircase leading down here.
Casting: Sandblast (safe; 3% risk of failure)
Confirm with . or Enter, or press ? or * to list all spells.
You don't have enough magic to cast this spell.
Casting: Sandblast (safe; 3% risk of failure)
Confirm with . or Enter, or press ? or * to list all spells.
You don't have enough magic to cast this spell.
Unknown command.
The ball python hisses angrily.
You regained 2 mp, and now have 2/7 mp.
Casting: Sandblast (safe; 3% risk of failure)
Confirm with . or Enter, or press ? or * to list all spells.
Aiming: Sandblast (safe; 3% risk of failure)
Press: ? - help, Shift-Dir - straight line, f - ball python
Aim: a ball python (80% to hit)
The blast of sand hits the ball python!
You kill the ball python!
A giant cockroach comes into view.
You have reached level 3!
Your experience leads to an increase in your attributes!
Increase (S)trength, (I)ntelligence, or (D)exterity?
You feel clever. x2; You feel agile.
Health restored: 26
Found a stone staircase leading down.
The giant cockroach closely misses you.
You closely miss the giant cockroach.
The giant cockroach bites you but does no damage.
You closely miss the giant cockroach.
The giant cockroach bites you but does no damage.
You barely miss the giant cockroach. The giant cockroach barely misses you.
You barely miss the giant cockroach.
The giant cockroach bites you but does no damage. x2
You barely miss the giant cockroach.
The giant cockroach bites you but does no damage.
You can't go down here!
Unknown command.
Unknown command.
Are you sure you want to abandon this character and quit the game? (Confirm with "yes".)

##.#..........#..##
#..........#....## ,*
* ###.$#.###.##.#.##
* ..#....# #.......†
* *#.#..#.###....(..#
#.#..##...###[#..#
#.#...........#...
####.#.............##
,*
#.†B@...####..##.#.#
#.##.##.# ##.##.#.#
#.##.# * #.##.#.# ,
...... , ...#.#..,
*** * ,#..##.##
.###..# .#.##.#*..
..# .###>..### * ## *
# ,#*## * , * * *


You could see a giant cockroach.

Vanquished Creatures
  A ball python (D:1)
  3 bats (D:1)
  2 hobgoblins (D:1)
  4 jackals (D:1)
  2 quokkas (D:1)
  A frilled lizard (D:1)
  A rat (D:1)
14 creatures vanquished.

Notes
Turn   | Place    | Note
-------+----------+-------------------------------------------
     0 | D:1      | Psyclone the Meteoran Earth Elementalist began the quest
                  | for the Orb.
     0 | D:1      | Reached XP level 1. HP: 14/14 MP: 5/5
    64 | D:1      | Identified 3 scrolls of acquirement
    64 | D:1      | Acquired 1248 gold pieces
    65 | D:1      | Acquired 1275 gold pieces
    88 | D:1      | Acquired 1252 gold pieces
   159 | D:1      | Reached XP level 2. HP: 20/20 MP: 3/6
   193 | D:1      | Gained mutation: You are partially covered in iridescent
                  | scales. (AC +2) [potion of mutation]
   193 | D:1      | Gained mutation: You expend magic power (3 MP) to
                  | strengthen your wands. [potion of mutation]
   193 | D:1      | Gained mutation: You have hidden genetic potential. [potion
                  | of mutation]
   193 | D:1      | Gained mutation: You have great hidden genetic potential.
                  | [potion of mutation]
   217 | D:1      | Reached skill level 4 in Earth Magic
   223 | D:1      | Learned a level 2 spell: Passwall
   274 | D:1      | Reached XP level 3. HP: 26/26 MP: 2/8
   281 | D:1      | Quit the game

Illustrated notes

Levels and vault maps discovered:
D:1:      spicycebolla_arrival_ecumenical, layout_loops_ring

Skill      XL: |  1  2 |
---------------+-------+-----
Spellcasting   | 3 |  3.2
Earth Magic    | 4 |  4.1
Dodging        | |  2.4
Stealth        | |  1.4
Transmutations | |  1.7

Action                     || total
---------------------------++-------
  Melee: Unarmed           ||    16
   Cast: Sandblast         ||    17
    Use: Scroll            ||     3
         Potion            ||     1
 Armour: Robe              ||    30
  Dodge: Dodged            ||    36
